 Dungeon Crawl Stone Soup version 0.21-a0-88-g13b9641 (webtiles) character file.

5915 4thArraOfDagon the Quickloader (level 10, -2/73 HPs)
             Began as a Mummy Arcane Marksman on June 26, 2017.
             Was an Elder of Okawaru.
             Shot with a sling bullet by Joseph (16 damage)
             ... on level 7 of the Dungeon.
             The game lasted 00:17:57 (5335 turns).

4thArraOfDagon the Quickloader (MuAM)               Turns: 5335, Time: 00:17:57

Health: -2/73      AC: 12    Str: 13    XL:     10   Next: 53%
Magic:  12/13      EV: 15    Int: 16    God:    Okawaru [****..]
Gold:   307        SH:  0    Dex: 13    Spells: 7/11 levels left

rFire    x . .     SeeInvis +   a - +0 hand crossbow
rCold    + . .     Gourm    .   (no shield)
rNeg     + + +     Faith    .   b - +0 ring mail
rPois    ∞         Spirit   .   i - +0 helmet
rElec    .         Reflect  .   p - +0 cloak
rCorr    .         Harm     +   h - +0 pair of gloves
MR       +....                  f - +0 pair of boots
Stlth    ++........             u - amulet of harm
HPRegen  0.22/turn              (no ring)
MPRegen  0.13/turn              G - ring of see invisible

@: heroism
A: no food or potions, fire vulnerability, cold resistance 1, negative energy
resistance 3, torment resistance, unbreathing
a: Heroism, Renounce Religion


You were on level 7 of the Dungeon.
You worshipped Okawaru.
Okawaru was greatly pleased with you.
You were not hungry.

You visited 1 branch of the dungeon, and saw 13 of its levels.

You collected 307 gold pieces.

Inventory:

Hand Weapons
 a - a +0 hand crossbow (weapon)
 t - a +2 dagger of electrocution
 v - a +0 blowgun
 x - a +0 great sword
 A - a +1 whip of electrocution
 C - a +0 scimitar
 E - a +2 falchion of slicing
Missiles
 d - 89 bolts (quivered)
Armour
 b - a +0 ring mail (worn)
 e - a +0 robe
 f - a +0 pair of boots (worn)
 h - a +0 pair of gloves (worn)
 i - a +0 helmet (worn)
 p - a +0 cloak (worn)
Magical Staves
 l - an uncursed staff of earth {unknown}
Jewellery
 m - an uncursed ring of ice
 u - an amulet of harm (around neck)
 B - an uncursed amulet of rage
 G - a ring of see invisible (right hand)
Wands
 y - a wand of enslavement (13/24)
Scrolls
 g - 2 scrolls of fear {unknown}
 j - a scroll of blinking {unknown}
 k - a scroll of magic mapping {unknown}
 n - a scroll of remove curse {unknown}
 o - a scroll of summoning {unknown}
 q - 2 scrolls of identify
 s - a scroll of immolation {unknown}
 w - a scroll of enchant weapon {unknown}
 z - a scroll of teleportation
Books
 c - a book of Debilitation

   Spells                             Type                      Level
   a - Corona                         Hexes                        1
   b - Slow                           Hexes                        2
   c - Inner Flame                    Hexes/Fire                   3
   d - Portal Projectile              Hexes/Translocation          3
   e - Cause Fear                     Hexes                        4
   f - Leda's Liquefaction            Hexes/Earth                  4
 r - a book of Misfortune

   Spells                             Type                      Level
   a - Confusing Touch                Hexes                        1
   b - Confuse                        Hexes                        3
   c - Gell's Gravitas                Translocation                3
   d - Petrify                        Transmutation/Earth          4
   e - Metabolic Englaciation         Hexes/Ice                    5
   f - Yara's Violent Unravelling     Hexes/Transmutation          5
Miscellaneous
 D - a fan of gales
 F - a sack of spiders


   Skills:
 + Level 4.5(9.5) Fighting
 * Level 10.5(15.5) Crossbows
 + Level 3.6(8.6) Armour
 + Level 4.2(9.2) Dodging
 - Level 1.3 Spellcasting
 - Level 2.6 Hexes
 - Level 5.0 Invocations
 * Level 1.0 Evocations


You had 7 spell levels left.
You knew the following spells:

 Your Spells              Type           Power        Failure   Level  Hunger
a - Corona                Hex            #......      14%         1    N/A
b - Inner Flame           Hex/Fire       #.......     56%         3    N/A

Dungeon Overview and Level Annotations

Branches:
Dungeon (13/15)            Temple (0/1) D:7
   Lair: D:8-11         Orc: D:9-12      Vaults: D:13-14

Altars:
Cheibriados
Dithmenos
Elyvilon
Okawaru
Qazlal
Ru
The Shining One

Shops:
D:5 !   D:10 [   D:11 (

Annotations:
D:6 Edmund
D:7 Joseph


Innate Abilities, Weirdness & Mutations

You do not eat or drink.
Your flesh is vulnerable to fire.
You are immune to poison.
Your flesh is cold resistant. (rC+)
You are immune to negative energy. (rN+++)
You are immune to unholy pain and torment.
You can survive without breathing.


Message History

You shoot a bolt. The bolt hits Joseph.
Joseph is lightly wounded.
Joseph shoots a sling bullet.
The sling bullet barely misses you.
Unknown command.
Firing (i - inventory):
d - 91 bolts (quivered)
Press: ? - help, Shift-Dir - straight line, f/p - Joseph
Aim: Joseph, wielding a hunting sling and wearing a shiny ring mail (lightly wounded)
You shoot a bolt. The bolt barely misses Joseph.
Joseph shoots a sling bullet.
The sling bullet hits you!
* * * LOW HITPOINT WARNING * * *
Unknown command.
Firing (i - inventory):
d - 90 bolts (quivered)
Press: ? - help, Shift-Dir - straight line, f/p - Joseph
Aim: Joseph, wielding a hunting sling and wearing a shiny ring mail (lightly wounded)
You shoot a bolt. The bolt hits Joseph!
Joseph is lightly wounded.
Unknown command.
Unknown command.
Joseph shoots a sling bullet.
The sling bullet hits you!
You die...

.####.####.#...#.# #.#
.##.....##.##...#.###.####
.#.......#.##..#.#.......#
.#.......#.##..#.#.......#
....._...@.##..#(#.>.....#
.#.......#.##..@.........#
.#.....(.#(##(##.#.......#
.##.....##.##.##.#.......#
.####.####(.#.##@#.......#
............#....###.###.##
##.#..##..#.(..### #.# #..#
# ##...........#
######.###### #.#####.##..#
#...........# #.# #.# ....
#.####.####.# ##. #.. #.#
.###.# #.......# ... ...
#.# .# # #.##.##.# .# ..#
#.# .# #.#.#.#...#.#.#.


You could see Joseph.

Vanquished Creatures
  2 two-headed ogres
  A deep elf mage (D:10)
  3 hornets
  A hippogriff (D:10)
  Grum (D:9)
  2 soldier ants (D:11)
  A sky beast (D:7)
  An ice beast (D:7)
  6 ogres
  3 wolves (D:9)
  A centaur (D:10)
  2 crocodiles
  2 big kobolds
  5 bullfrogs
  A water moccasin skeleton (D:7)
  12 wights
  A crimson imp (D:7)
  2 jellies
  8 orc priests
  A centaur skeleton (D:6)
  5 hounds
  8 orc wizards
  4 worker ants
  2 hound zombies
  A worker ant zombie (D:4)
  4 adders
  2 shadow imps
  A worm (D:3)
  2 leopard geckos
  35 orcs
  A bat (D:3)
  4 giant cockroaches
  2 goblins (D:2)
  A hobgoblin (D:3)
  A jackal (D:4)
  13 kobolds
  3 quokkas
  A ball python (D:2)
  2 frilled lizards
  A leopard gecko skeleton (D:4)
  3 rats (D:3)
152 creatures vanquished.

Vanquished Creatures (others)
  An orc wizard (D:8)
1 creature vanquished.

Grand Total: 153 creatures vanquished

Notes
Turn   | Place    | Note
-------+----------+-------------------------------------------
     0 | D:1      | 4thArraOfDagon the Mummy Arcane Marksman began the quest for the Orb.
     0 | D:1      | Reached XP level 1. HP: 15/15 MP: 2/2
    17 | D:1      | You fall through a shaft!
    58 | D:2      | Reached skill level 2 in Crossbows
    58 | D:2      | Reached XP level 2. HP: 14/21 MP: 4/4
   380 | D:3      | Reached XP level 3. HP: 26/26 MP: 5/5
   460 | D:4      | Reached skill level 3 in Crossbows
   516 | D:3      | Reached XP level 4. HP: 17/32 MP: 6/6
   741 | D:5      | Entered Level 5 of the Dungeon
   784 | D:4      | Found an iron altar of Okawaru.
   846 | D:4      | Became a worshipper of Warmaster Okawaru
   954 | D:5      | Reached skill level 4 in Crossbows
   969 | D:5      | Reached XP level 5. HP: 12/37 MP: 7/7
  1202 | D:5      | Found a stormy altar of Qazlal.
  1240 | D:5      | Noticed an ogre
  1244 | D:5      | Reached * piety under Okawaru
  1249 | D:5      | Killed an ogre
  1249 | D:5      | Reached skill level 5 in Crossbows
  1249 | D:5      | Reached XP level 6. HP: 40/43 MP: 8/8
  1266 | D:5      | Found Essuqeih's Distillery.
  1274 | D:5      | Reached skill level 1 in Invocations
  1317 | D:4      | Reached ** piety under Okawaru
  1495 | D:5      | Reached skill level 6 in Crossbows
  1527 | D:6      | Learned a level 3 spell: Inner Flame
  1599 | D:6      | Reached XP level 7. HP: 21/48 MP: 9/9
  1756 | D:6      | Found a glowing golden altar of the Shining One.
  1756 | D:6      | Found a snail-covered altar of Cheibriados.
  1769 | D:6      | Noticed Edmund
  1853 | D:7      | Noticed Joseph
  1917 | D:7      | Reached *** piety under Okawaru
  1917 | D:7      | Reached skill level 7 in Crossbows
  1931 | D:7      | Found a shadowy altar of Dithmenos.
  1950 | D:7      | Reached XP level 8. HP: 51/54 MP: 10/10
  1998 | D:7      | You fall through a shaft!
  1998 | D:8      | Found a white marble altar of Elyvilon.
  2401 | D:10     | Entered Level 10 of the Dungeon
  2510 | D:11     | Reached skill level 8 in Crossbows
  2531 | D:11     | Noticed a hornet
  2546 | D:11     | Killed a hornet
  2547 | D:11     | Noticed a hornet
  2818 | D:11     | Killed a hornet
  2826 | D:11     | Reached skill level 5 in Invocations
  2826 | D:11     | Reached XP level 9. HP: 28/59 MP: 12/12
  3106 | D:10     | Found Ityott's Antique Armour Shop.
  3160 | D:10     | Reached skill level 9 in Crossbows
  3496 | D:10     | Reached **** piety under Okawaru
  3506 | D:10     | Reached skill level 1 in Armour
  3786 | D:10     | Noticed a two-headed ogre
  3814 | D:10     | Killed a two-headed ogre
  3814 | D:10     | Received a gift from Okawaru
  3984 | D:10     | Noticed a deep elf mage
  3997 | D:10     | Killed a deep elf mage
  4144 | D:11     | Found Worejeg's Weapon Shoppe.
  4228 | D:11     | Reached XP level 10. HP: 61/70 MP: 11/13
  4247 | D:11     | Reached skill level 10 in Crossbows
  4460 | D:12     | Noticed a two-headed ogre
  4901 | D:9      | Noticed Grum
  4910 | D:9      | Killed Grum
  4974 | D:9      | Noticed a two-headed ogre
  4980 | D:9      | Killed a two-headed ogre
  5207 | D:7      | Found a staircase to the Ecumenical Temple.
  5248 | D:7      | Reached skill level 1 in Evocations
  5276 | D:7      | Found a sacrificial altar of Ru.
  5335 | D:7      | Shot with a sling bullet by Joseph

Vault maps used:
D:1:      ldierk_water_garden, serial_forest, infiniplex_forest_clump_diagonal,
          infiniplex_forest_fountain, infiniplex_forest_end_double,
          infiniplex_forest_straight_3
D:2:      chequers_ecumenical_altar_island, grunt_ministairs_15,
          minmay_misc_feat_x, kennysheep_generic_room_8, uniq_robin
D:3:      led_sif_book, due_unseen_surprise
D:4:      okawaru_gym_becter, first_bread
D:5:      trog_eyes_of_draining, nicolae_qazlal_eye_of_the_storm, serial_shops,
          shop, nrook_mini_backslash
D:6:      zin_statuary, amethyst_overflow_temple_binary, minivault_25,
          uniq_blork_the_orc, uniq_edmund
D:7:      old_standard_altar, nicolae_ru_sacrificial_ziggurat,
          minmay_temple_entry_junction_2, uniq_joseph
D:8:      marbit_many_paths, elyvilon_altar_5, dpeg_oklobed_lair
D:9:      lemuel_round_altar, lemuel_angel_altar, uniq_maurice, uniq_grum
D:10:     serial_shops, nicolae_shop_behind_doors
D:11:     serial_shops, shop_statue, hangedman_pestilent_swarm,
          minmay_misc_feat_square
D:12:     minmay_octo_star, david_orc_5, uniq_snorg
D:13:     hangedman_screamer, serial_shops, kennysheep_mini

Skill      XL: |  1  2  3  4  5  6  7  8  9 10 |
---------------+-------------------------------+-----
Crossbows      | 2 3 4 5 6 7 8 9 10 | 10.5
Invocations    | 1 3 5 |  5.0
Armour         | 2 3 |  3.6
Fighting       | 3 4 |  4.5
Dodging        | 3 4 |  4.2
Evocations     | 1 |  1.0
Spellcasting   | |  1.3
Hexes          | |  2.6

Action                   |  1- 3 |  4- 6 |  7- 9 | 10-12 || total
-------------------------+-------+-------+-------+-------++-------
Melee: Dagger            |       |       |    29 |    89 ||   118
       Great sword       |       |       |    10 |       ||    10
 Fire: Hand crossbow     |    66 |    98 |   247 |    89 ||   500
       Blowgun           |       |       |     8 |       ||     8
Invok: Heroism           |       |       |    18 |     8 ||    26
  Use: Scroll            |     1 |       |       |     1 ||     2
Armor: Ring mail         |    31 |    18 |    87 |    48 ||   184
Dodge: Dodged            |    29 |    28 |   156 |    72 ||   285
       Rpst.: Great sword |       |       |     2 |       ||     2
